 Dungeon Crawl Stone Soup version 0.29.1-2-gbd0b4ee654 (webtiles) character file.

Game seed: 17028985125655269506

219 GeoRichter the Conjurer (level 5, -1/28 HPs)
             Began as a Tengu Fire Elementalist on Nov 13, 2022.
             Killed by nerve-wracking pain
             ... invoked by Jessica
              (9 damage)
             ... on level 3 of the Dungeon.
             The game lasted 00:04:44 (3013 turns).

GeoRichter the Conjurer (Tengu Fire Elementalist)   Turns: 3013, Time: 00:04:45

Health: -1/28      AC:  3    Str: 14    XL:     5   Next: 96%
Magic:  10/10      EV: 14    Int: 17    God:
Gold:   186        SH:  0    Dex: 15    Spells: 3/10 levels left

rFire   . . .      SeeInvis .   c - +0 dagger (holy)
rCold   . . .      Faith    .   (no shield)
rNeg    . . .      Spirit   .   a - +0 robe
rPois   .          Reflect  .   (helmet restricted)
rElec   .          Harm     .   (no cloak)
rCorr   .          Rampage  .   g - +0 pair of gloves
Will    .....                   (boots unavailable)
Stlth   ++........              (no amulet)
HPRegen 0.09/turn               l - +6 ring of strength
MPRegen 0.12/turn               (no ring)

@: flying quickly and evasively, quick
A: beak, talons 3, nimble flight
a: no special abilities


You were on level 3 of the Dungeon.
You visited 1 branch of the dungeon, and saw 3 of its levels.

You collected 186 gold pieces.

Inventory:

Hand Weapons
 c - a +0 dagger of holy wrath (weapon)
   (You found it on level 1 of the Dungeon)
Armour
 a - a +0 robe (worn)
 g - a +0 pair of gloves (worn)
   (You found it on level 1 of the Dungeon)
Jewellery
 l - a +6 ring of strength (left hand)
   (You found it on level 2 of the Dungeon)
Wands
 o - a wand of quicksilver (7)
   (You took it off Natasha on level 2 of the Dungeon)
 p - a wand of digging (7)
   (You found it on level 3 of the Dungeon)
Scrolls
 d - 5 scrolls of identify {unknown}
 e - a scroll of fear {unknown}
 k - a scroll of blinking {unknown}
 n - a scroll of teleportation {unknown}
Potions
 b - 2 potions of magic
 f - 3 potions of curing {@q1}
 h - a potion of lignification {unknown}
 i - 3 potions of attraction {unknown}
 j - a potion of haste {unknown}
 m - 2 potions of might {unknown}


   Skills:
 - Level 2.1 Dodging
 - Level 2.0 Stealth
 + Level 3.1 Spellcasting
 * Level 5.3 Conjurations
 + Level 4.5 Fire Magic


You had 3 spell levels left.
You knew the following spells:

 Your Spells              Type           Power      Damage    Failure   Level
a - Foxfire               Conj/Fire      76%        2x1d7     2%          1
b - Scorch                Fire           36%        2d7       4%          2
c - Flame Wave            Conj/Fire      19%        2d7       22%         4

Your spell library contained the following spells:

 Spells                   Type           Power      Damage    Failure   Level
 Conjure Flame            Conj/Fire      19%        6-21      7%          3
 Inner Flame              Hex/Fire       10%        N/A       21%         3


Dungeon Overview and Level Annotations

Branches:
Dungeon (3/15) Zot: 15021

Altars:

Annotations:
D:3 Jessica


Innate Abilities, Weirdness & Mutations

You have a beak for a mouth.
You have claws for feet.
Your magical nature lets you fly swiftly and evasively.


Message History

You conjure some foxfire!
The kobold shouts!
The foxfire hits the kobold.
The foxfire hits the kobold.
You kill the kobold!
There is a stone staircase leading up here.
You fly upwards.
There is a stone staircase leading down here.
You fly downwards.
There is a stone staircase leading up here.
Found a stone.
Found 4 gold pieces.
Found a ring mail.
An endoplasm comes into view.
Found a silver wand.
An endoplasm is nearby!
An endoplasm is nearby!
You conjure some foxfire!
You conjure some foxfire!
The foxfire hits the endoplasm.
The endoplasm quivers.
An endoplasm is nearby!
The foxfire hits the endoplasm.
You kill the endoplasm!
No target in view!
No target in view!
No target in view!
You now have 186 gold pieces (gained 4).
p - a wand of digging (7)
Found 9 stones.
You see here 9 stones.
Jessica the Apprentice Sorceress comes into view.
She is wielding a +0 dagger.
Jessica casts a spell at you. Pain shoots through your body!
Jessica points at you and mumbles some strange words.
You barely resist.
Jessica gestures wildly while chanting.
Jessica blinks!
Jessica points at you and mumbles some strange words.
You barely resist.
You see here 9 stones.
Jessica casts a spell.
Jessica blinks!
Jessica shouts, "Stop bothering me, or I'll kill you!"
Jessica casts a spell at you. Pain shoots through your body!
Ouch! That really hurt!
* * * LOW HITPOINT WARNING * * *
Jessica gestures at you while chanting. Pain shoots through your body!
You die...

##################
#...(....@...@...#
#.##############.#
######## #.#
#.######.......
#@#
#.........#####
#.# #.###P~#..#
#.#
#.###~~~~.#####
#.#
#...P♣♣♣.......
#.#
#..##~PP..#####
#.# #..##.....# #.


You could see Jessica.

Vanquished Creatures
  Natasha (thrice) (D:2)
  6 adders (D:2)
  3 gnolls (D:3)
  A white imp (D:3)
  2 dart slugs
  An orc (D:3)
  3 ball pythons
  2 endoplasms
  2 giant cockroaches (D:1)
  5 goblins
  5 hobgoblins
  A jackal (D:3)
  4 quokkas
  3 bats
  5 frilled lizards
  6 kobolds
  4 rats
56 creatures vanquished.

Vanquished Creatures (collateral kills)
  3 foxfires
3 creatures vanquished.

Vanquished Creatures (others)
  136 foxfires
  2 fungi (D:2)
  10 plants
148 creatures vanquished.

Grand Total: 207 creatures vanquished

Notes
Turn   | Place    | Note
-------+----------+-------------------------------------------
     0 | D:1      | GeoRichter the Tengu Fire Elementalist began the quest for
                  | the Orb.
     0 | D:1      | Reached XP level 1. HP: 10/10 MP: 4/4
   282 | D:1      | Reached skill level 2 in Conjurations
   286 | D:1      | Reached XP level 2. HP: 6/15 MP: 3/6
  1130 | D:2      | Reached XP level 3. HP: 19/19 MP: 5/7
  1133 | D:2      | Reached skill level 3 in Conjurations
  1400 | D:2      | Reached XP level 4. HP: 24/24 MP: 3/8
  1743 | D:2      | Found a faded altar of an unknown god.
  1760 | D:2      | Reached skill level 4 in Conjurations
  1896 | D:2      | Learned a level 2 spell: Scorch
  1901 | D:2      | Learned a level 4 spell: Flame Wave
  2135 | D:3      | Gained mutation: Your magical nature lets you fly swiftly
                  | and evasively. [Tengu growth]
  2135 | D:3      | Reached XP level 5. HP: 28/28 MP: 5/10
  2458 | D:3      | Noticed Natasha
  2477 | D:2      | Killed Natasha
  2697 | D:2      | Noticed Natasha
  2708 | D:2      | Killed Natasha
  2709 | D:2      | Reached skill level 5 in Conjurations
  2756 | D:2      | Found a faded altar of an unknown god.
  2767 | D:2      | Noticed Natasha
  2772 | D:2      | Killed Natasha
  2973 | D:3      | Noticed Jessica
  3013 | D:3      | Killed from afar by Jessica

Illustrated notes

Levels and vault maps discovered:
D:1:      lemuel_arrival_muddy, layout_basic, dreamdust_princess_bridge,
          minmay_cut_off
D:2:      layout_basic, shapermc_ecumenical_altar_mp_urbaneastern,
          kennysheep_crisscross
D:3:      layout_loops_ring, serial_bayou, serial_bayou_pond_d,
          serial_bayou_lake_a, serial_bayou_shore_b, serial_bayou_pond_e,
          minmay_bisected, uniq_natasha, uniq_jessica

Skill      XL: |  1  2  3  4  5 |
---------------+----------------+-----
Conjurations   | 2 3 4 5 |  5.3
Fire Magic     | 4 |  4.5
Spellcasting   | 3 |  3.1
Dodging        | |  2.1
Stealth        | |  2.0

Action                   |  1- 3 |  4- 6 || total
-------------------------+-------+-------++-------
Melee: Dagger            |    26 |    13 ||    39
       Kick              |     5 |     2 ||     7
       Peck              |     3 |       ||     3
 Cast: Foxfire           |    33 |    53 ||    86
 Stab: Sleeping          |       |     2 ||     2
Armor: Robe              |     8 |     5 ||    13
Dodge: Dodged            |    23 |    17 ||    40
